 Dungeon Crawl Stone Soup version 0.24.0-123-gd5b16e6ec5 (webtiles) character file.

Game seed: 11620594988640244204, levelgen mode: deterministic

62 Johnny the Digger (level 3, -2/26 HPs)
             Began as a Demigod Earth Elementalist on Jan 28, 2020.
             Slain by Terence
             ... wielding a +0 short sword
              (4 damage)
             ... on level 2 of the Dungeon.
             The game lasted 00:02:19 (1682 turns).

Johnny the Digger (Demigod Earth Elementalist)      Turns: 1682, Time: 00:02:20

Health: -2/26      AC:  2    Str: 11    XL:     3   Next: 60%
Magic:  2/9        EV: 12    Int: 21    God:
Gold:   18         SH:  0    Dex: 16    Spells: 6/7 levels left

rFire    + . .     SeeInvis .   (no weapon)
rCold    + . .     Gourm    .   (no shield)
rNeg     . . .     Faith    .   c - +0 robe
rPois    .         Spirit   .   (no helmet)
rElec    .         Reflect  .   g - scarf {rC+ rF+}
rCorr    .         Harm     .   (no gloves)
MR       .....                  (no boots)
Stlth    ++........             (no amulet)
HPRegen  0.08/turn              (no ring)
MPRegen  0.11/turn              (no ring)

@: hasted, very quick
A: high mp 1
a: no special abilities


You were on level 2 of the Dungeon.
You were hungry.

You visited 1 branch of the dungeon, and saw 2 of its levels.

You collected 18 gold pieces.

Inventory:

Missiles
 b - 60 stones (quivered)
Armour
 c - a +0 robe (worn)
 g - a scarf of resistance (worn)
Scrolls
 a - 2 scrolls of teleportation {unknown}
 e - a scroll of remove curse {unknown}
 i - a scroll of enchant armour {unknown}
 j - a scroll of fear {unknown}
 k - a scroll of immolation {unknown}
Potions
 f - a potion of curing {unknown}
 h - a potion of haste
Comestibles
 d - 5 rations


   Skills:
 - Level 1.7 Dodging
 - Level 1.7 Stealth
 + Level 2.8 Spellcasting
   Level 0.8 Transmutations
 + Level 3.6 Earth Magic


You had 6 spell levels left.
You knew the following spells:

 Your Spells              Type           Power        Failure   Level  Hunger
a - Sandblast             Erth           ###...       3%          1    None

Your spell library contained the following spells:

 Spells                   Type           Power        Failure   Level  Hunger
 Passwall                 Tmut/Erth      ##......     9%          2    ##.....
 Stone Arrow              Conj/Erth      ##....       19%         3    ###....
 Petrify                  Tmut/Erth      ##......     47%         4    ####...
 Lee's Rapid Deconstruct  Erth           ###.......   63%         5    ######.


Dungeon Overview and Level Annotations

Branches:
Dungeon (2/15)

Annotations:
D:2 Terence


Innate Abilities, Weirdness & Mutations

You have an increased reservoir of magic. (+10% MP)


Message History

* * * LOW HITPOINT WARNING * * *
Casting: Sandblast (safe; 3% risk of failure)
Confirm with . or Enter, or press ? or * to list all spells.
Aiming: Sandblast (safe; 3% risk of failure)
Press: ? - help, Shift-Dir - straight line, f/p - Terence
Aim: Terence, wielding a +0 short sword and wearing a +0 scale mail (almost dead)
The blast of sand hits Terence but does no damage.
Terence is almost dead.
b - 60 stones Terence hits you with a +0 short sword.
* * * LOW HITPOINT WARNING * * *
Unknown command.
You see here a whip. 2 jackals come into view.
The jackal moves out of view.
You are feeling hungry.
The jackal barks!
It was a potion of haste.
You feel yourself speed up. Terence hits you with a +0 short sword.
You die...

........#).......
........#.......#....
........#.####+##....
....................
+#########.#........
......###.........#
..................+
.........)........####
.#..............@....#
#...........h..@....#
#....###............#
#...................#
#..................##
#..................##
##....##......#......#
#.....##......#......#
#.............#......##


You could see Terence and a jackal.

Vanquished Creatures
  3 worms (D:2)
  3 dart slugs
  A leopard gecko (D:1)
  2 giant cockroaches (D:1)
  10 goblins
  6 hobgoblins
  3 jackals (D:1)
  7 kobolds
  A ball python (D:1)
  A bat (D:2)
  2 frilled lizards
  6 rats
45 creatures vanquished.

Vanquished Creatures (others)
  4 toadstools (D:1)
4 creatures vanquished.

Grand Total: 49 creatures vanquished

Notes
Turn   | Place    | Note
-------+----------+-------------------------------------------
     0 | D:1      | Johnny the Demigod Earth Elementalist began the quest for
                  | the Orb.
     0 | D:1      | Reached XP level 1. HP: 14/14 MP: 5/5
   129 | D:1      | Reached skill level 3 in Earth Magic
   136 | D:1      | Reached XP level 2. HP: 15/20 MP: 1/7
   948 | D:2      | Reached XP level 3. HP: 26/26 MP: 7/9
  1253 | D:2      | Found a sparkling altar of Nemelex Xobeh.
  1368 | D:2      | Found a white marble altar of Elyvilon.
  1580 | D:2      | Noticed Terence
  1660 | D:2      | HP: 1/26 [Terence/+0 short sword (6)]
  1682 | D:2      | Slain by Terence

Levels and vault maps discovered:
D:1:      ldierk_walled_garden_2, layout_basic
D:2:      layout_basic, lemuel_coloured_pillars_altar,
          nicolae_overflow_hidden_temple, first_ration, minmay_tetromino_s2,
          uniq_terence

Skill      XL: |  1 |
---------------+----+-----
Spellcasting   | 2 |  2.8
Earth Magic    | 3 |  3.6
Dodging        | |  1.7
Stealth        | |  1.7
Transmutations | |  0.8

Action                   || total
-------------------------++-------
Melee: Unarmed           ||    27
 Cast: Sandblast         ||    73
  Use: Potion            ||     1
 Stab: Distracted        ||     1
  Eat: Chunk             ||     2
Armor: Robe              ||     6
Dodge: Dodged            ||    34
